AoeStats
← THE RANDY

Arena

510482201Analyzed
2v2 RM · 1d ago on Oct 1, 2026· 50m 39s· 4 players
Game mode
Random Map
Map size
Medium (4 player)
Population
200
Speed
Normal
Resources
Standard
Victory
Conquest
Starting age
Dark Age
Ending age
Imperial Age
RankedLock teamsTeams togetherTeam positionsShared explorationLock speedFull tech treeHidden civsTurbo modeCheats
Victory
Defeat
🇦🇷 Teutons · Argentina
727
+16
🇦🇷 Teutons · Argentina
694
+17
🇲🇽 Spanish · Mexico
762
-18
🇲🇽 Goths · Mexico
685
-15
THE RANDY
13:20 Feudal Age
13:04 Loom
15:15 Double-Bit Axe
15:15 Horse Collar
16:31 Man-at-Arms
20:31 Castle Age
32:29 Bow Saw
37:32 Fletching
38:15 Ballistics
44:25 Imperial Age
44:41 Bodkin Arrow
45:42 Padded Archer Armor
48:12 Chemistry
49:08 Leather Archer Armor
50:13 Heavy Mounted Crossbowman
riky010pichichin
11:30 Feudal Age
12:20 Horse Collar
12:31 Double-Bit Axe
13:36 Gold Mining
19:42 Castle Age
18:32 Stone Mining
25:10 Padded Archer Armor
36:16 Imperial Age
34:42 Wheelbarrow
39:24 Leather Archer Armor
39:12 Fletching
39:30 Scale Barding Armor
39:32 Cavalier
40:19 Scale Mail Armor
40:50 Ring Archer Armor
41:37 Hand Cart
41:11 Loom
42:05 Stone Shaft Mining
42:19 Bow Saw
42:49 Chain Barding Armor
42:27 Bodkin Arrow
43:14 Heavy Scorpion
45:28 Chemistry
46:48 Elite Teutonic Knight
ADMHMCR69
7:50 Loom
11:53 Feudal Age
17:04 Castle Age
22:39 Redemption
25:37 Double-Bit Axe
29:16 Sanctity
32:57 Imperial Age
31:59 Bloodlines
34:30 Block Printing
35:12 Conscription
43:04 Inquisition
Charly Redfield
0:34 Loom
11:38 Feudal Age
14:40 Scale Mail Armor
17:11 Forging
16:56 Double-Bit Axe
20:03 Castle Age
19:50 Man-at-Arms
25:44 Long Swordsman
30:05 Gold Mining
32:15 Wheelbarrow
38:29 Pikeman
39:10 Squires
39:34 Hand Cart
39:14 Stone Mining
42:12 Anarchy
42:40 Husbandry
Connection lost

Rejoining the realm…

Still unreachable

The connection could not be restored.

Session expired

The server has moved on; the page needs a fresh start.